 Dungeon Crawl Stone Soup version 0.29.1-13-g9f3cf754e1 (webtiles) character file.

Game seed: 19304006753161586

2873 MacCMillion the Skirmisher (level 9, -5/46 HPs)
             Began as a Spriggan Hunter on Feb 9, 2023.
             Was a Believer of Fedhas.
             Shot with a sling bullet by Joseph (13 damage)
             ... on level 7 of the Dungeon.
             The game lasted 00:22:29 (8993 turns).

MacCMillion the Skirmisher (Spriggan Hunter)        Turns: 8993, Time: 00:22:30

Health: -5/46      AC:  3    Str:  7    XL:     9   Next: 47%
Magic:  0/10       EV: 22    Int: 10    God:    Fedhas [**....]
Gold:   2180       SH:  0    Dex: 23    Spells: 8/8 levels left

rFire   . . .      SeeInvis +   a - +0 shortbow
rCold   + . .      Faith    .   (shield currently unavailable)
rNeg    . . .      Spirit   +   c - +1 robe
rPois   .          Reflect  .   (helmet restricted)
rElec   .          Harm     .   y - scarf {+Inv}
rCorr   +          Rampage  .   (gloves unavailable)
Will    +....                   (boots unavailable)
Stlth   +++.......              u - amulet of guardian spirit
HPRegen 0.15/turn               r - ring "Plog" {rC+ rCorr}
MPRegen 0.12/turn               (no ring)

@: very quick
A: very small, no large weapons, unfitting armour, see invisible, speed 3
a: Renounce Religion, Evoke Invisibility, Wall of Briars


You were on level 7 of the Dungeon.
You worshipped Fedhas.
Fedhas was pleased with you.
You visited 2 branches of the dungeon, and saw 8 of its levels.
You also visited: Ossuary and Bailey.

You collected 2180 gold pieces.

Inventory:

Hand Weapons
 a - a +0 shortbow (weapon)
Missiles
 E - 2 throwing nets
 G - 4 datura-tipped darts
 H - 4 atropa-tipped darts
 I - 11 curare-tipped darts
Armour
 c - a +1 robe (worn)
 y - a scarf of invisibility (worn)
Jewellery
 r - the ring "Plog" (left hand) {rC+ rCorr}
   (You found it on level 5 of the Dungeon)

   [ring of resist corrosion]

   rC:        It protects you from cold.
   rCorr:     It protects you from acid and corrosion.
 u - an amulet of guardian spirit (around neck)
Wands
 z - a wand of light (6)
Scrolls
 b - a scroll of immolation
 g - a scroll of poison
 h - 2 scrolls of blinking
 i - 5 scrolls of teleportation
 k - a scroll of amnesia
 n - a scroll of enchant armour
 p - 3 scrolls of torment
 q - a scroll of summoning
 v - a scroll of vulnerability {unknown}
 x - 2 scrolls of fear {unknown}
 B - a scroll of butterflies {unknown}
 D - 2 scrolls of identify
 F - a scroll of magic mapping {unknown}
 J - a scroll of noise {unknown}
Potions
 d - 2 potions of might
 e - 2 potions of mutation {unknown}
 f - 3 potions of curing
 j - a potion of haste {unknown}
 l - 2 potions of heal wounds
 m - a potion of degeneration {unknown}
 o - 2 potions of ambrosia
 s - 2 potions of attraction
 t - a potion of invisibility
 w - a potion of cancellation {unknown}
 A - a potion of resistance {unknown}
 C - a potion of brilliance {unknown}


   Skills:
 + Level 4.6 Fighting
 + Level 11.5 Ranged Weapons
 + Level 6.1 Dodging
 - Level 5.0 Stealth


You had 8 spell levels left.
You didn't know any spells.
Your spell library contained the following spells:

 Spells                   Type           Power      Damage    Failure   Level
 Apportation              Tloc           0%         N/A       36%         1
 Beastly Appendage        Tmut           0%         N/A       36%         1
 Necrotise                Necr           0%         1d4       36%         1
 Wereblood                Tmut           0%         N/A       50%         2
 Dazzling Flash           Conj/Hex       0%         N/A       75%         3
 Spider Form              Tmut/Pois      0%         N/A       75%         3
 Vampiric Draining        Necr           0%         2d6       75%         3
 Iskenderun's Mystic Bla  Conj/Tloc      0%         2d3       98%         4
 Petrify                  Tmut/Erth      0%         N/A       98%         4
 Agony                    Necr           0%         N/A       100%        5
 Alistair's Intoxication  Tmut/Pois      0%         N/A       100%        5
 Blade Hands              Tmut           0%         N/A       100%        5
 Irradiate                Conj/Tmut      0%         3d11      100%        5
 Metabolic Englaciation   Hex/Ice        0%         N/A       100%        5
 Silence                  Hex/Air        0%         N/A       100%        5
 Starburst                Conj/Fire      0%         6d3       100%        6
 Statue Form              Tmut/Erth      0%         N/A       100%        6
 Dragon Form              Tmut           0%         N/A       100%        7


Dungeon Overview and Level Annotations

Branches:
Dungeon (7/15)             Temple (1/1) D:5         Ossuary (visited)
 Bailey (visited)

Altars:
Ashenzari
Cheibriados
Dithmenos
Elyvilon
Fedhas
Gozag
Hepliaklqana
Kikubaaqudgha
Makhleb
Nemelex Xobeh
Okawaru
Qazlal
Ru
Sif Muna
Trog
Uskayaw
Vehumet
Wu Jian
Xom
Yredelemnul
Zin
The Shining One

Shops:
D:1 *[   D:4 :   D:5 :*

Annotations:
D:5 1 runed translucent door, Crazy Yiuf
D:7 Joseph


Innate Abilities, Weirdness & Mutations

You are very small and have problems with some larger weapons.
You are too small for most types of armour.
You have supernaturally acute eyesight. (SInv)
You cover ground extremely quickly. (Speed+++)


Message History

The ice beast is severely wounded.
The orc wizard gestures at you while chanting.
The puff of flame hits you.
You shoot an arrow.
The arrow hits the ice beast but does no damage.
The ice beast is severely wounded.
The sky beast flickers out of sight for a moment.
The orc wizard gestures at you while chanting.
The magic dart hits you!
You shoot an arrow. The arrow hits the ice beast!
You kill the ice beast!
Fedhas accepts your kill.
Joseph shoots a sling bullet.
The sling bullet hits the sky beast!!
You hear a shout!
Your Dodging skill increases to level 6!
The orc wizard casts a spell at you. The magic dart hits you.
Things that are here:
a +0 spear; a gnoll skeleton
Items here: )) ÷÷.
You shoot an arrow.
The arrow hits the sky beast but does no damage.
The sky beast is severely wounded.
You shoot an arrow. The arrow hits the sky beast!
You kill the sky beast!
Fedhas appreciates your contribution to the ecosystem.
Joseph shoots a sling bullet.
The sling bullet barely misses the orc wizard.
The sling bullet misses you.
You shoot an arrow. The arrow hits the orc wizard.
The orc wizard is heavily wounded.
Joseph shoots a sling bullet.
The sling bullet closely misses the orc wizard.
The sling bullet hits you!
Unknown command.
Joseph shoots a sling bullet.
The sling bullet hits you!
* * * LOW HITPOINT WARNING * * *
Joseph shoots a sling bullet.
The sling bullet hits you!
You die...
Fedhas appreciates your contribution to the ecosystem.

... #..# ###### ## #.# ###..##
##....#### .####.# #.@...#
#......... .+.##.#
#.#o..###.#.#.#.#. .#....##
#.#†[............. ....#..##
###...g.......#.#.#.
....#...######...#o#.............
....#....).)<..#.#)#.......#.#.#.
....###..####.##@#)#.............
....# ##.####.##.#.#.......#.#.#.
....####.##..)##....)..[........g
...........).######..........####
.#.#..###..>.'......)............
......# #....#####........#######
.#.#..# #....# #..[..#### .....##
#....# #.....# ###### #....#
#.....#


You could see Joseph.

Vanquished Creatures
  Sigmund (D:5)
  Menkaure (D:5)
  2 ice beasts
  3 orc warriors (Bailey)
  A sky beast (D:7)
  A black bear (D:5)
  3 ogres
  A phantom (D:6)
  7 kobold brigands
  An elf zombie (Ossuary)
  A gnoll sergeant (D:7)
  2 scorpions (D:5)
  An orc priest (D:5)
  6 hounds
  A gnoll bouda (D:7)
  4 jellies
  3 iguanas
  An orc wizard (D:5)
  A hound zombie (Ossuary)
  4 mummies (Ossuary)
  19 gnolls
  9 adders
  A shadow imp (D:7)
  2 white imps (D:6)
  3 adder zombies (Ossuary)
  A worm (D:4)
  5 dart slugs
  13 orcs
  10 ball pythons
  6 bats
  7 endoplasms
  6 giant cockroaches
  8 goblins
  7 hobgoblins
  3 jackals (D:4)
  21 kobolds
  4 quokkas
  4 frilled lizards
  A goblin zombie (Ossuary)
  2 hobgoblin zombies (Ossuary)
  2 jackal zombies (Ossuary)
  2 kobold zombies (Ossuary)
  10 rats
  2 rat zombies (D:4)
193 creatures vanquished.

Vanquished Creatures (others)
  12 plants
12 creatures vanquished.

Grand Total: 205 creatures vanquished

Notes
Turn   | Place    | Note
-------+----------+-------------------------------------------
     0 | D:1      | MacCMillion the Spriggan Hunter began the quest for the
                  | Orb.
     0 | D:1      | Reached XP level 1. HP: 10/10 MP: 2/2
    84 | D:1      | Reached XP level 2. HP: 13/15 MP: 3/3
   141 | D:1      | Found Itud's Antique Armour Shop.
   190 | D:1      | Found Vobriud's Assorted Antiques.
   272 | D:1      | Reached XP level 3. HP: 18/18 MP: 4/4
   994 | D:2      | Found a faded altar of an unknown god.
  1002 | D:2      | Reached XP level 4. HP: 23/23 MP: 5/5
  1365 | D:3      | Reached skill level 5 in Ranged Weapons
  1485 | D:3      | Reached XP level 5. HP: 21/28 MP: 6/6
  2137 | D:4      | Reached skill level 6 in Ranged Weapons
  2484 | D:4      | Found a sand-covered staircase.
  2495 | Ossuary  | Entered an ossuary
  2576 | Ossuary  | Reached XP level 6. HP: 29/32 MP: 7/7
  2747 | Ossuary  | Reached skill level 7 in Ranged Weapons
  3063 | D:4      | Found Forpham's Book Emporium.
  3572 | D:4      | Reached XP level 7. HP: 36/36 MP: 8/8
  3638 | D:4      | Identified a scroll of acquirement
  3639 | D:4      | Acquired 1210 gold pieces
  3642 | D:5      | Entered Level 5 of the Dungeon
  3929 | D:5      | Identified the ring "Plog" {rC+ rCorr}
  3956 | D:5      | Reached skill level 8 in Ranged Weapons
  4533 | D:5      | Found Romuruif's Self-Improvement Boutique.
  4564 | D:5      | Reached skill level 9 in Ranged Weapons
  4832 | D:5      | Found Kyashuoc's Fire Supplies.
  4987 | D:5      | Found a staircase to the Ecumenical Temple.
  4998 | Temple   | Entered the Ecumenical Temple
  5324 | Temple   | Became a worshipper of Fedhas Madash
  5476 | D:5      | Noticed Sigmund
  5625 | D:5      | Killed Sigmund
  5626 | D:5      | Reached XP level 8. HP: 37/40 MP: 7/9
  5662 | D:5      | Reached skill level 10 in Ranged Weapons
  5919 | D:5      | Identified the +7 hammer "Lucaath" {flame, rC- Will+ Dex+4}
  5922 | D:5      | Found a runed translucent door.
  5923 | D:5      | Noticed Crazy Yiuf
  5986 | D:5      | Noticed Menkaure
  5994 | D:5      | Killed Menkaure
  6892 | D:6      | Found a sparkling altar of Nemelex Xobeh.
  6927 | D:6      | Reached * piety under Fedhas
  6974 | D:6      | Reached skill level 11 in Ranged Weapons
  7035 | D:6      | Identified the +5 flail "Demonbane" {vorpal, rElec rCorr
                  | Int+3}
  7231 | D:7      | Noticed Joseph
  7539 | D:7      | Found a flagged portal.
  7549 | Bailey   | Entered a bailey
  7749 | Bailey   | Reached XP level 9. HP: 24/45 MP: 7/10
  7853 | Bailey   | Reached skill level 5 in Stealth
  7918 | Bailey   | Reached skill level 5 in Dodging
  7948 | Bailey   | HP: 1/45 [kobold brigand/+0 war axe (5)]
  7995 | Bailey   | Reached ** piety under Fedhas
  8382 | Bailey   | Found a bloodstained altar of Trog.
  8388 | Bailey   | Identified the +2 sling "Yssekh" {flame, Int+4 Dex+2}
  8993 | D:7      | Shot with a sling bullet by Joseph

Illustrated notes

Levels and vault maps discovered:
D:1:      dpeg_arrival_ternary, layout_basic, serial_shops,
          nicolae_shop_hallway_stairs, nicolae_square_shop
D:2:      layout_basic, basic_ecumenical_altar, serial_forest,
          infiniplex_forest_zigzag_1, infiniplex_forest_clump_small,
          infiniplex_forest_clump_small, infiniplex_forest_lined_room_,
          infiniplex_forest_clump_medium, infiniplex_forest_zigzag_1
D:3:      layout_rooms
D:4:      layout_basic, serial_shops, shop, enter_ossuary_4,
          corexii_leaking_fountain
D:5:      layout_gridville, minmay_temple_entry_mini_moons,
          minmay_misc_feat_square, corexii_corridor_pit, minmay_hedge_maze,
          nicolae_shop_fire_sale [nicolae_sub_dead_trees], minmay_statues_item,
          nicolae_shop_self_help, uniq_sigmund, uniq_menkaure,
          uniq_crazy_yiuf_cottage
D:6:      layout_gridville, lemuel_doored_altar, lexackson_kobold_supper
D:7:      layout_basic, serial_glass, glass_columns_c, glass_columns_a,
          enter_bailey_1, kennysheep_nub, uniq_joseph
Temple:   mainiacjoe_temple_trianglar_array

Skill      XL: |  1  2  3  4  5  6  7  8  9 |
---------------+----------------------------+-----
Fighting       | 2 3 4 |  4.6
Ranged Weapons | 5 6 7 9 11 | 11.5
Dodging        | 4 6 |  6.1
Stealth        | 4 5 |  5.0

Action                   |  1- 3 |  4- 6 |  7- 9 || total
-------------------------+-------+-------+-------++-------
Melee: Shortbow          |       |       |     5 ||     5
 Fire: Shortbow          |    99 |   243 |   418 ||   760
  Use: Scroll            |       |     5 |    10 ||    15
       Potion            |       |     1 |     6 ||     7
Armor: Robe              |     3 |     5 |    11 ||    19
Dodge: Dodged            |    22 |    74 |   124 ||   220
